 Dungeon Crawl Stone Soup version 0.31-a0-152-g6aa68a64a1 (webtiles) character file.

Game seed: 9985761263614439369

396 qw the Skirmisher (level 6, -6/52 HPs)
             Began as a Minotaur Hunter on June 10, 2023.
             Killed by divine providence
             ... invoked by an orc priest
              (13 damage)
             ... on level 5 of the Dungeon.
             The game lasted 00:01:09 (3144 turns).

qw the Skirmisher (Minotaur Hunter)                 Turns: 3144, Time: 00:01:10

Health: -6/52      AC:  8    Str: 16    XL:     6   Next: 52%
Magic:  5/5        EV: 11    Int:  6    God:
Gold:   255        SH:  0    Dex: 15    Spells: 5/5 levels left

rFire   . . .        Y - +0 shortbow
rCold   + . .        (shield currently unavailable)
rNeg    . . .        a - +0 ring mail
rPois   .            (helmet restricted)
rElec   .            (no cloak)
rCorr   .            (no gloves)
SInv    .            f - +2 pair of boots
Will    .....        (no amulet)
Stlth   +            b - ring of protection from cold
HPRegen 0.28/turn    (no ring)
MPRegen 0.09/turn

%: no passive effects
@: about to teleport
A: horns 2, retaliatory headbutt
a: no special abilities


You were on level 5 of the Dungeon.
You visited 2 branches of the dungeon, and saw 6 of its levels.

You collected 255 gold pieces.


Innate Abilities, Weirdness & Mutations

You have a pair of horns on your head.
You reflexively headbutt those who attack you in melee.


   Skills:
 + Level 4.0 Fighting
 - Level 8.0 Ranged Weapons
 - Level 1.0 Armour
 - Level 2.1 Dodging
 - Level 0.7 Stealth


You had 5 spell levels left.
You didn't know any spells.
Your spell library was empty.

Inventory:

Hand Weapons
 Y - a +0 shortbow (weapon)
Armour
 a - a +0 ring mail (worn)
 f - a +2 pair of boots (worn)
Jewellery
 b - a ring of protection from cold (left hand)
Scrolls
 d - a scroll of identify
Potions
 c - 3 potions of mutation
 g - a potion of might

Dungeon Overview and Level Annotations

Branches:
Dungeon (5/15)             Temple (1/1) D:4

Altars:
Cheibriados
Dithmenos
Elyvilon
Fedhas
Gozag
Kikubaaqudgha
Makhleb
Nemelex Xobeh
Qazlal
Ru
Xom
Zin


Message History

You destroy the sleepcap!
You have reached level 6!
You shoot an arrow. The arrow barely misses the orc.
The orc hits you but does no damage. x2; The orc hits you with a +0 falchion.
The orc hits you with a +0 mace. The orc hits you but does no damage.
You shoot an arrow. The arrow hits Menkaure.
Menkaure is heavily damaged.
The orc hits you with a +0 mace. The orc hits you but does no damage.
The orc hits you with a +0 falchion. Menkaure closely misses you.
You furiously retaliate!
You headbutt Menkaure! You shoot an arrow.
The arrow completely misses Menkaure.
The orc hits you but does no damage. The orc closely misses you.
You furiously retaliate!
You headbutt the orc!
You kill the orc!
The orc hits you but does no damage.
Menkaure casts a spell.
Menkaure seems to speed up.
You shoot an arrow. The arrow hits Menkaure.
You destroy Menkaure!
The orc hits you but does no damage. The orc closely misses you.
You furiously retaliate!
You headbutt the orc.
Your Ranged Weapons skill increases to level 8!
You shoot an arrow. The arrow hits the orc.
You kill the orc!
The orc priest closely misses you. The orc hits you but does no damage.
You shoot an arrow.
The arrow closely misses the orc priest.
The orc priest invokes the aid of Beogh against you.
Pain shoots through your body! The orc hits you with a +0 mace.
A black bear comes into view.
You shoot an arrow. The arrow barely misses the orc priest.
The black bear growls angrily.
The orc priest invokes the aid of Beogh against you.
Beogh smites you! The orc hits you but does no damage.
3144 ||| READING scroll of teleportation.
As you read the scroll of teleportation, it crumbles to dust.
You feel strangely unstable.
The orc priest invokes the aid of Beogh against you.
Beogh smites you!
You die...

#######..... #. #.#
#........... .#.# .#.##
#........... .....
....###...........
#..#.#..............####
......##...#............
.........#..........####
......)o.###............
..h...o@.##....#.#######
......)#.##......#######
.....#.#................
.... #.#.#<.......######
...............#..######
.. ............#........
. ...........######.####
.....#+###............
######.##########.####


You could see a black bear, an orc priest and an orc.

Vanquished Creatures
  Menkaure (D:5)
  2 hounds
  A jelly (D:5)
  An iguana (D:4)
  A sleepcap (D:5)
  2 adders
  5 gnolls
  A worm (D:4)
  2 dart slugs (D:3)
  7 orcs
  8 endoplasms
  2 giant cockroaches
  2 goblins
  7 hobgoblins
  2 kobolds
  4 quokkas
  6 ball pythons
  A bat (D:3)
  2 frilled lizards (D:2)
  5 rats
62 creatures vanquished.

Notes
Turn   | Place    | Note
-------+----------+-------------------------------------------
     0 | D:1      | qw the Minotaur Hunter began the quest for the Orb.
     0 | D:1      | Reached XP level 1. HP: 18/18 MP: 0/0
     0 | D:1      | 0 ||| qw: Version: 0.2-a-122-gbc61b45
     0 | D:1      | 0 ||| qw: Game counter: 3511
     0 | D:1      | 0 ||| qw: Always use a shield: true
     0 | D:1      | 0 ||| qw: God list: Okawaru
     0 | D:1      | 0 ||| qw: Allow faded altars: false
     0 | D:1      | 0 ||| qw: Do Orc after D:15 true
     0 | D:1      | 0 ||| qw: Do second Lair branch before Depths: true
     0 | D:1      | 0 ||| qw: Lair rune preference: random
     0 | D:1      | 0 ||| qw: Plans: Normal
     0 | D:1      | 0 ||| PLANNING D:1-11
   195 | D:1      | 195 ||| UPGRADING to +2 pair of boots.
   203 | D:1      | 203 ||| READING scroll labelled VECOSA NATYEWK.
   204 | D:1      | 204 ||| DRINKING 2 cyan potions.
   205 | D:1      | 205 ||| DROPPING scroll of butterflies.
   210 | D:1      | Reached XP level 2. HP: 25/25 MP: 1/1
   268 | D:1      | Reached skill level 5 in Ranged Weapons
   557 | D:1      | 557 ||| UPGRADING to +0 ring mail.
   567 | D:1      | 567 ||| DROPPING +0 leather armour.
   568 | D:1      | 568 ||| READING scroll labelled XOROETUOCK.
   571 | D:1      | 571 ||| DROPPING potion of brilliance.
   670 | D:2      | Reached skill level 1 in Armour
   832 | D:2      | Reached skill level 3 in Fighting
   854 | D:2      | Reached XP level 3. HP: 31/31 MP: 2/2
  1053 | D:2      | Found a faded altar of an unknown god.
  1196 | D:2      | 1196 ||| READING scroll labelled MOWOCZ NOUPTI.
  1197 | D:2      | 1197 ||| READING scroll labelled RIEGICHIYN.
  1267 | D:3      | Reached XP level 4. HP: 38/38 MP: 3/3
  1269 | D:3      | Found a snail-covered altar of Cheibriados.
  1310 | D:3      | Reached skill level 6 in Ranged Weapons
  1385 | D:3      | 1385 ||| FLEEEEING.
  1393 | D:3      | HP: 4/38 [orc/+0 flail (7)]
  1963 | D:3      | 1963 ||| UPGRADING to ring of protection from cold.
  1964 | D:3      | 1964 ||| READING scroll labelled LETRUR MOAWOGE.
  1965 | D:3      | 1965 ||| READING scroll labelled HEITAYNOTIN.
  1966 | D:3      | 1966 ||| READING 2 scrolls of identify.
  1966 | D:3      | 1966 ||| IDENTIFYING bubbling yellow potion
  2081 | D:4      | Reached XP level 5. HP: 42/46 MP: 4/4
  2204 | D:4      | Found a staircase to the Ecumenical Temple.
  2205 | D:4      | 2205 ||| PLANNING TEMPLE
  2205 | D:4      | 2205 ||| READING scroll labelled TETIUSUQUOSHRU.
  2206 | D:4      | 2206 ||| READING 2 scrolls of identify.
  2206 | D:4      | 2206 ||| IDENTIFYING clear potion
  2207 | D:4      | 2207 ||| DROPPING potion of magic.
  2209 | D:4      | 2209 ||| Stepping ~*~*~tactically~*~*~ (cloud).
  2316 | Temple   | Entered the Ecumenical Temple
  2564 | Temple   | 2564 ||| PLANNING D:1-11
  2626 | D:4      | Found a white marble altar of Elyvilon.
  2809 | D:5      | Entered Level 5 of the Dungeon
  2860 | D:5      | Reached skill level 7 in Ranged Weapons
  2930 | D:5      | Found a shadowy altar of Dithmenos.
  2986 | D:5      | Noticed Menkaure
  2989 | D:5      | 2989 ||| FLEEEEING.
  2991 | D:5      | 2991 ||| FLEEEEING.
  2992 | D:5      | 2992 ||| FLEEEEING.
  2993 | D:5      | 2993 ||| FLEEEEING.
  2994 | D:5      | 2994 ||| FLEEEEING.
  2995 | D:5      | 2995 ||| FLEEEEING.
  2996 | D:5      | 2996 ||| FLEEEEING.
  2997 | D:5      | 2997 ||| FLEEEEING.
  2998 | D:5      | 2998 ||| FLEEEEING.
  2999 | D:5      | 2999 ||| FLEEEEING.
  3000 | D:5      | 3000 ||| FLEEEEING.
  3001 | D:5      | 3001 ||| FLEEEEING.
  3002 | D:5      | 3002 ||| FLEEEEING.
  3003 | D:5      | 3003 ||| FLEEEEING.
  3004 | D:5      | 3004 ||| STAIRDANCE
  3099 | D:4      | 3099 ||| READING 2 scrolls of identify.
  3099 | D:4      | 3099 ||| IDENTIFYING bubbling coppery potion
  3107 | D:5      | 3107 ||| STAIRDANCE
  3137 | D:5      | Reached XP level 6. HP: 36/52 MP: 5/5
  3140 | D:5      | Killed Menkaure
  3141 | D:5      | Reached skill level 8 in Ranged Weapons
  3143 | D:5      | HP: 7/52 [orc priest/divine providence (9)]
  3144 | D:5      | 3144 ||| READING scroll of teleportation.
  3144 | D:5      | Killed from afar by an orc priest

Levels and vault maps discovered:
D:1:      wander_arrival_lonely_grave, layout_loops_cross,
          hangedman_abyss_or_decor_stabs, minmay_misc_feat_alley,
          item_on_display_a
D:2:      layout_loops_cross, dilly_ecumenical_altar_fadedgnrine,
          minmay_crystal_water
D:3:      layout_loops_ring, mainiacjoe_overflow_tiny_flanked
D:4:      layout_cave_pools, nicolae_elyvilon_peaceful_grove,
          minmay_temple_entry_statues_fountains, dreamdust_princess_bridge
D:5:      layout_basic, nicolae_dithmenos_shadow_blocks, uniq_menkaure
Temple:   compressed_dpeg_triangle_lava_temple

Skill      XL: |  1  2  3  4  5  6 |
---------------+-------------------+-----
Ranged Weapons | 5 6 7 8 |  8.0
Armour         | 1 |  1.0
Fighting       | 3 4 |  4.0
Dodging        | |  2.1
Stealth        | |  0.7

Action                     |  1- 3 |  4- 6 || total
---------------------------+-------+-------++-------
   Fire: Shortbow          |    94 |   114 ||   208
    Use: Scroll            |     4 |     7 ||    11
         Potion            |     1 |       ||     1
 Armour: Leather armour    |     1 |       ||     1
         Ring mail         |     5 |    13 ||    18
  Dodge: Dodged            |    17 |    18 ||    35

Table legend:
 A = Non-vault XP
 B = Vault XP
 C = Vault XP percentage of total XP
 D = Non-vault monster count
 E = Vault monster count
 F = Vault count percentage of total count
                 A         B        C        D         E       F
            +---------+---------+-------+---------+---------+-------
      Total |     398 |     169 |  29.8 |      61 |       1 |   1.6
            +---------+---------+-------+---------+---------+-------
        D:1 |      19 |       0 |   0.0 |      12 |       0 |   0.0
        D:2 |      41 |       0 |   0.0 |      17 |       0 |   0.0
        D:3 |      75 |       0 |   0.0 |      17 |       0 |   0.0
        D:4 |      91 |       0 |   0.0 |       5 |       0 |   0.0
        D:5 |     172 |     169 |  49.6 |      10 |       1 |   9.1
            +---------+---------+-------+---------+---------+-------
